 Dungeon Sprint DCSS version 0.18.1-48-g4cf74bf (webtiles) character file.

1242 tagomago the Warrior (level 8, -1/141 HPs)
             Began as a Minotaur Fighter on July 23, 2016.
             Was a Follower of Makhleb.
             Slain by a demonic crawler (5 damage)
             ... in the Dungeon (Sprint I: "Red Sonja").
             The game lasted 00:02:46 (716 turns).

tagomago the Warrior (Minotaur Fighter)              Turns: 716, Time: 00:02:46

Health: -1/141     AC:  6    Str: 29    XL:     8   Next: 25%
Magic:  10/10      EV:  7    Int:  5    God:    Makhleb [*.....]
Gold:   405        SH: 10    Dex:  9    Spells: 0 memorised, 7 levels left

rFire  . . .     SeeInvis .     a - +0 long sword
rCold  . . .     Gourm    .     b - +0 scale mail
rNeg   . . .     Faith    .     c - +0 shield
rPois  .         Spirit   .     (helmet restricted)
rElec  .         Dismiss  .     (no cloak)
rCorr  .         Reflect  .     (no gloves)
SustAt .         Harm     .     (no boots)
MR     .....     NoTele   +     (no amulet)
Stlth  ..........               (no ring)
                                (no ring)

@: berserking, very quick, not resistant to hostile enchantments, extremely
unstealthy
A: retaliatory headbutt, horns 2
a: Renounce Religion


You were in the Dungeon.
You worshipped Makhleb.
Makhleb was aware of your devotion.
You were not hungry.

You visited 1 branch You collected 405 gold pieces.

Inventory:

Hand Weapons
 a - a +0 long sword (weapon)
Armour
 b - a +0 scale mail (worn)
 c - a +0 shield (worn)
Scrolls
 k - a scroll of blinking
Potions
 d - a potion of might
 e - a potion of curing
 g - a potion of heal wounds
 h - a potion of haste
 i - 2 potions of magic
 l - a potion of cure mutation {unknown}
Comestibles
 f - a bread ration


   Skills:
 + Level 16.5 Fighting
 * Level 11.7 Long Blades
 - Level 3.6 Armour
 - Level 3.6 Shields
 * Level 5.1 Invocations


You had 7 spell levels left.
You didn't know any spells.

Dungeon Overview and Level Annotations

Branches:
Dungeon (1/1)

Altars:
Cheibriados
Dithmenos
Elyvilon
Fedhas
Gozag
Kikubaaqudgha
Makhleb
Nemelex Xobeh
Okawaru
Pakellas
Qazlal
Ru
Sif Muna
Trog
Vehumet
Xom
Yredelemnul
Zin
The Shining One
Jiyva

Shops:
D :


Innate Abilities, Weirdness & Mutations

You reflexively headbutt those who attack you in melee.
You have a pair of horns on your head.


Message History

You block the demonic crawler's attack. x2
The demonic crawler barely misses you. The demonic crawler hits you!
* * * LOW HITPOINT WARNING * * *
The demonic crawler hits you!
* * * LOW HITPOINT WARNING * * *
The demonic crawler hits you.
* * * LOW HITPOINT WARNING * * *
You completely miss the demonic crawler.
The demonic crawler is heavily wounded.
The demonic crawler barely misses you. You block the demonic crawler's attack.
The demonic crawler hits you.
* * * LOW HITPOINT WARNING * * *
You block the demonic crawler's attack. x2
The demonic crawler barely misses you.
You barely miss the demonic crawler. You headbutt the demonic crawler!
The demonic crawler is severely wounded.
The demonic crawler hits you.
* * * LOW HITPOINT WARNING * * *
You block the demonic crawler's attack. The demonic crawler hits you.
You die...

#####################
.').#..'..#__#..@ss.#
.#..').#..'..'..#ss.#
###'#####'#__####...'..#
##..#...#[#### #####..+
_####..##.# +##
.___##'#..+ .∩...÷..._#
..._##_.#+# ____###+#


You could see 4 demonic crawlers.

Vanquished Creatures
  2 kobold demonologists (D)
  A slime creature (D)
  A yak (D)
  Sigmund (D)
  A giant eyeball (D)
  An ogre (D)
  A jelly (D)
  Ijyb (D)
9 creatures vanquished.

Vanquished Creatures (others)
  2 wasps (D)
2 creatures vanquished.

Grand Total: 11 creatures vanquished

Notes
Turn   | Place    | Note
--------------------------------------------------------------
     0 | D        | tagomago the Minotaur Fighter began the quest for the Orb.
     0 | D        | Reached XP level 1. HP: 19/19 MP: 0/0
     2 | D        | Noticed Ijyb
     9 | D        | Killed Ijyb
     9 | D        | Reached skill level 7 in Fighting
     9 | D        | Reached XP level 2. HP: 34/34 MP: 1/1
    13 | D        | Noticed an ogre
    17 | D        | Killed an ogre
    17 | D        | Reached skill level 10 in Fighting
    17 | D        | Reached XP level 3. HP: 42/45 MP: 2/2
    17 | D        | Reached XP level 4. HP: 48/51 MP: 3/3
    28 | D        | Noticed Sigmund
    38 | D        | Killed Sigmund
    38 | D        | Reached skill level 12 in Fighting
    38 | D        | Reached XP level 5. HP: 44/63 MP: 4/4
   143 | D        | Found a deep blue altar of Sif Muna.
   145 | D        | Found a radiant altar of Vehumet.
   148 | D        | Reached XP level 6. HP: 65/71 MP: 5/5
   194 | D        | Found Joun's Book Emporium.
   194 | D        | Found a white marble altar of Elyvilon.
   194 | D        | Found a stormy altar of Qazlal.
   194 | D        | Found a basalt altar of Yredelemnul.
   194 | D        | Found an iron altar of Okawaru.
   194 | D        | Found a sparkling altar of Nemelex Xobeh.
   194 | D        | Found a shimmering altar of Xom.
   194 | D        | Found an ancient bone altar of Kikubaaqudgha.
   194 | D        | Noticed a yak
   202 | D        | Killed a yak
   202 | D        | Reached skill level 14 in Fighting
   203 | D        | Found a burning altar of Makhleb.
   203 | D        | Found a sacrificial altar of Ru.
   203 | D        | Found an oddly glowing altar of Pakellas.
   203 | D        | Found a glowing golden altar of the Shining One.
   203 | D        | Found an opulent altar of Gozag.
   203 | D        | Found a glowing silver altar of Zin.
   204 | D        | Found a bloodstained altar of Trog.
   224 | D        | Found a snail-covered altar of Cheibriados.
   224 | D        | Found a viscous altar of Jiyva.
   224 | D        | Found a shadowy altar of Dithmenos.
   224 | D        | Found a blossoming altar of Fedhas.
   224 | D        | Noticed a slime creature
   235 | D        | HP: 3/74 [slime creature (13)]
   237 | D        | Killed a slime creature
   237 | D        | Reached skill level 15 in Fighting
   237 | D        | Reached skill level 10 in Long Blades
   237 | D        | Reached XP level 7. HP: 3/83 MP: 6/6
   595 | D        | Became a worshipper of Makhleb the Destroyer
   621 | D        | Noticed a kobold demonologist
   622 | D        | Noticed a kobold demonologist
   627 | D        | Noticed a soul eater
   633 | D        | Killed a kobold demonologist
   633 | D        | Reached * piety under Makhleb
   633 | D        | Reached skill level 16 in Fighting
   645 | D        | Noticed a smoke demon
   647 | D        | Killed a kobold demonologist
   647 | D        | Reached skill level 5 in Invocations
   647 | D        | Reached XP level 8. HP: 79/94 MP: 7/10
   706 | D        | Noticed a demonic crawler
   706 | D        | Noticed a demonic crawler
   706 | D        | Noticed a demonic crawler
   706 | D        | Noticed a demonic crawler
   716 | D        | HP: 4/141 [demonic crawler (6)]
   716 | D        | Slain by a demonic crawler

Skill      XL: |  1  2  3  4  5  6  7 |
---------------+----------------------+-----
Fighting       | 7 10 12 15 16 | 16.5
Long Blades    | 4 6 8 10 11 | 11.7
Invocations    | 5 |  5.1
Armour         | |  3.6
Shields        | |  3.6

Action                   |  1- 3 |  4- 6 |  7- 9 || total
-------------------------+-------+-------+-------++-------
Melee: Long sword        |    10 |    32 |    29 ||    71
       Headbutt          |     3 |     3 |     5 ||    11
  Use: Potion            |       |       |     1 ||     1
Armor: Scale mail        |     3 |     3 |    22 ||    28
Dodge: Dodged            |     2 |     4 |    15 ||    21
Block: Shield            |     5 |     9 |    29 ||    43
